 Dungeon Crawl Stone Soup version 0.27.0-1-g7a089689b8 (webtiles) character file.

Game seed: 2525193438930027489

128390 Infinimo the Shatterer (level 16, -1/155 HPs)
             Began as a Minotaur Berserker on Aug 13, 2021.
             Was the Champion of Trog.
             Slain by a lindwurm (13 damage)
             ... summoned by Kirke
             ... on level 2 of the Shoals.
             The game lasted 00:45:21 (24143 turns).

Infinimo the Shatterer (Minotaur Berserker)        Turns: 24143, Time: 00:45:21

Health: -1/155     AC:  0    Str: 26    XL:     16   Next: 48%
Magic:  15/15      EV: 14    Int:  6    God:    Trog [******]
Gold:   1976       SH:  0    Dex: 11    Spells: 15/15 levels left

rFire    . . .     SeeInvis .   (weapon currently unavailable)
rCold    . . .     Faith    .   (shield currently unavailable)
rNeg     . . .     Spirit   .   (armour currently unavailable)
rPois    .         Reflect  .   (helmet currently unavailable)
rElec    .         Harm     .   (cloak currently unavailable)
rCorr    .         Rampage  .   (gloves currently unavailable)
Will     +....                  (boots currently unavailable)
Stlth    +.........             n - amulet of regeneration
HPRegen  1.35/turn              (ring currently unavailable)
MPRegen  0.14/turn              (ring currently unavailable)

@: about to teleport, pig-form, spiked, on berserk cooldown, slowed
A: fast, no casting, small, (horns 2), (retaliatory headbutt)
a: Renounce Religion, Berserk, Trog's Hand, Brothers in Arms


You were on level 2 of the Shoals.
You worshipped Trog.
Trog was exalted by your worship.
You were a filthy swine.
You visited 4 branches of the dungeon, and saw 25 of its levels.
You also visited: Volcano.

You collected 4220 gold pieces.
You spent 2244 gold pieces at shops.

Inventory:

Hand Weapons
 Q - the +4 eveningstar of Pain and Death (melded) {freeze, Str+4}
   (You acquired it on level 15 of the Dungeon)

   It freezes those it strikes, dealing additional cold damage.
   It can also slow down cold-blooded creatures.
   Str:       It affects your strength (+4).
Missiles
 a - 2 throwing nets (quivered)
Armour
 c - a +0 pair of boots (melded)
 d - a +2 hat of willpower (melded)
 j - a +3 crystal plate armour (melded)
 l - a +1 cloak of preservation (melded)
 P - a +0 tower shield (melded)
Jewellery
 b - a +4 ring of protection (melded)
 n - an amulet of regeneration (around neck)
 u - a ring of poison resistance (melded)
 w - a +6 ring of dexterity
 y - a ring of positive energy
 D - a ring of flight
Wands
 k - a wand of digging (7)
 t - a wand of mindburst (35)
 z - a wand of flame (46)
 G - a wand of acid (11)
 L - a wand of paralysis (7)
Scrolls
 o - 2 scrolls of fog {unknown}
 p - 11 scrolls of identify
 r - 7 scrolls of teleportation
 s - a scroll of blinking {unknown}
 v - a scroll of magic mapping
 E - a scroll of fear
 F - 3 scrolls of silence
 H - 2 scrolls of enchant weapon
 N - a scroll of brand weapon
Potions
 e - 2 potions of degeneration
 f - 13 potions of curing
 g - 3 potions of flight
 h - a potion of mutation
 i - 6 potions of might
 m - 3 potions of ambrosia
 q - 2 potions of heal wounds
 A - 5 potions of haste
 B - 4 potions of resistance
 C - 3 potions of magic
 I - a potion of cancellation
 J - 3 potions of invisibility


   Skills:
 + Level 17.1 Fighting
 * Level 22.5 Maces & Flails
 - Level 15.4 Armour
 - Level 2.4 Dodging
 - Level 0.1 Stealth
 * Level 10.8 Shields


You had 15 spell levels left.
You didn't know any spells.
Your spell library was empty.

Dungeon Overview and Level Annotations

Branches:
Dungeon (15/15)            Temple (0/1) D:7            Lair (6/6) D:11
 Shoals (2/4) Lair:3        Snake (0/4) Lair:3        Slime (0/5) Lair:6
    Orc (2/2) D:10            Elf (0/3) Orc:2        Vaults (0/5) D:14
 Depths (0/5) D:15        Volcano (visited)

Altars:
Ashenzari
Elyvilon
Fedhas
Gozag
Hepliaklqana
Kikubaaqudgha
Nemelex Xobeh
Qazlal
Trog
Wu Jian
The Shining One
Jiyva

Shops:
D:3 [   D:5 [   D:15 !***   Orc:1 **   Orc:2 ![=:

Annotations:
Lair:1 2 transporters, exclusion: ice statue, Gnirx's ghost, journeyman GrEE
Lair:6 exclusion: obsidian statue
Shoals:2 Kirke


Innate Abilities, Weirdness & Mutations

You are a filthy swine.
You move quickly.
Your equipment is almost entirely melded.
You are incapable of wielding weapons or throwing items.
You cannot cast spells.
((You have a pair of horns on your head.))
((You reflexively headbutt those who attack you in melee.))


Message History

Kirke is severely wounded.
You feel yourself speed up.
The lindwurm misses you. x2; The lindwurm claws you.
Kirke casts a spell at you.
You feel yourself slow down.
You bite Kirke!
Kirke is almost dead.
The lindwurm closely misses you. The lindwurm claws you.
The lindwurm closely misses you. Kirke hits you.
The manticore completely misses you. The manticore claws you. x2
You barely miss Kirke.
Kirke is almost dead.
The lindwurm bites you!! The lindwurm misses you. The lindwurm claws you!
Kirke hits you! The manticore bites you! The manticore completely misses you.
The manticore claws you.
You bite Kirke!
Kirke is almost dead.
The lindwurm bites you.
The lindwurm claws you! x2; Kirke hits you!
* * * LOW HITPOINT WARNING * * *
The manticore bites you!!
* * * LOW HITPOINT WARNING * * *
The manticore claws you!
* * * LOW HITPOINT WARNING * * *
The manticore barely misses you. The lindwurm breathes flames at you.
The blast of flame misses you. The manticore misses you.
The manticore completely misses you. The manticore barely misses you.
Kirke casts a spell.
Kirke summons a manticore!
The manticore flicks its tail.
The volley of spikes hits you.
The barbed spikes become lodged in your body.
* * * LOW HITPOINT WARNING * * *
The barbs in your skin will harm you if you move.
Continue?
Okay, then.
The barbs in your skin will harm you if you move.
Continue?
Okay, then.
As you read the scroll of teleportation, it crumbles to dust.
You feel strangely unstable. The lindwurm bites you!
You die...

≈≈≈≈≈≈≈≈≈≈≈.# #...# ##........
≈≈≈≈≈≈≈≈≈≈..# #... ###......
≈≈≈≈≈≈≈≈≈..#### ###...#########..
≈≈≈≈.≈≈≈..###.# ...##...###..
≈≈≈.#.≈≈..# #.## #.....≈≈>....
≈≈≈...≈≈..###..## ##≈≈..≈≈....≈
≈≈≈≈≈≈≈≈........# ##.≈≈≈..≈..≈≈≈
≈≈≈≈≈≈≈≈≈≈...≈H@####.≈≈≈......≈≈.
≈≈≈≈≈≈≈≈≈≈≈≈≈≈Hkh....≈≈≈.....≈≈≈.
≈≈≈≈≈≈≈≈≈≈≈≈≈≈≈≈≈..≈≈≈≈≈.≈≈....≈.
≈≈≈≈≈≈≈≈≈≈≈≈.≈≈≈≈≈≈≈≈≈≈..........
..≈≈.≈≈≈≈≈≈≈≈≈≈≈≈≈≈≈≈≈≈..≈≈.##.^≈
#P....≈≈≈≈≈≈≈≈(.≈.≈≈≈≈≈≈..≈≈###.≈
......≈.≈^..≈≈..≈≈≈≈≈≈≈≈..≈≈....≈
...###..........≈≈≈≈≈≈≈≈.:...#...
.P.###.##....###.≈≈≈≈≈≈≈....##...
≈≈..##.......##..≈≈≈≈≈...≈.......


You could see Kirke, 2 manticores and a lindwurm (summoned).

Vanquished Creatures
  Rupert (Lair:3)
  Polyphemus (Shoals:2)
  A kraken (Shoals:1)
  Frances (Shoals:1)
  Gastronok (Lair:1)
  Donald (Orc:2)
  Nessos (Lair:5)
  4 dire elephants (Lair:6)
  An ice dragon (D:15)
  A fire dragon (D:15)
  Fannar (D:12)
  7 hydras
  8 vault guards
  4 ogre magi
  2 catoblepae
  A death knight (D:14)
  4 centaur warriors
  2 merfolk avatars
  5 boulder beetles
  An orc high priest (Orc:2)
  15 two-headed ogres
  A satyr (Shoals:1)
  7 death yaks
  A tengu warrior (D:13)
  Urug (D:11)
  3 skeletal warriors (D:15)
  A spectral anaconda (Lair:6)
  4 sea snakes
  A flayed ghost (D:15)
  3 orc knights
  9 harpies
  3 necromancers (Lair:6)
  5 ugly things
  An orc sorcerer (Orc:2)
  An oklob plant (Lair:1)
  21 elephants
  6 cyclopes
  4 fauns (Shoals:1)
  10 manticores
  Maurice (D:12)
  5 merfolk sirens (Shoals:1)
  6 black mambas
  8 centaur zombies
  5 water nymphs
  12 cane toads
  Maggie (D:6)
  5 efreet
  4 rime drakes (Lair:5)
  11 komodo dragons
  A tengu conjurer (D:14)
  3 yaktaurs (D:15)
  7 trolls
  A hornet (D:9)
  4 polar bears
  3 meliai (D:15)
  A meliai (shapeshifter) (D:15)
  6 merfolk
  13 blink frogs
  6 snapping turtles
  3 slime creatures (D:13)
  5 wind drakes
  11 dream sheep
  A water elemental (Shoals:1)
  A wraith (D:11)
  11 yaks
  3 basilisks
  3 wyverns
  Eustachio (D:6)
  5 hogs (Shoals:2)
  A steam dragon (D:8)
  4 death yak simulacra (Lair:6)
  5 vampire mosquitoes
  2 wargs
  An acid dragon (D:11)
  A spectral cane toad (Lair:6)
  4 nagas (Lair:3)
  13 water moccasins
  6 black bears
  3 ice beasts
  A necrophage (D:6)
  17 orc warriors
  27 ogres
  7 centaurs
  2 elephant skeletons (Lair:6)
  15 bullfrogs
  3 kobold brigands
  A gnoll sergeant (D:11)
  2 cane toad simulacra (Lair:6)
  A wyvern zombie (D:8)
  2 scorpions
  26 killer bees
  2 elephant simulacra (Lair:6)
  10 wights
  3 electric eels
  4 howler monkeys
  2 jellies
  A centaur skeleton (D:4)
  A bullfrog skeleton (D:7)
  19 orc priests
  4 hounds
  16 orc wizards
  2 river rats (D:5)
  7 adders
  8 gnolls
  A shadow imp (D:8)
  2 white imps (D:8)
  2 ufetubi
  8 worms
  3 dart slugs
  69 orcs
  8 endoplasms
  5 giant cockroaches
  3 goblins
  8 hobgoblins
  12 jackals
  3 quokkas
  4 ball pythons
  8 bats
  2 frilled lizards (D:1)
  19 kobolds
  4 rats
  A fire vortex (Volcano)
  3 tentacles (Shoals:1)
680 creatures vanquished.

Vanquished Creatures (others)
  2 elephants (Lair:6)
  An orc wizard (Orc:2)
  A fire vortex (Volcano)
  21 fungi
  35 plants
  20 tentacles (Shoals:1)
  13 withered plants (Lair:6)
93 creatures vanquished.

Grand Total: 773 creatures vanquished

Notes
Turn   | Place    | Note
-------+----------+-------------------------------------------
     0 | D:1      | Infinimo the Minotaur Berserker began the quest for the
                  | Orb.
     0 | D:1      | Reached XP level 1. HP: 19/19 MP: 0/0
   186 | D:1      | Reached skill level 4 in Maces & Flails
   186 | D:1      | Reached XP level 2. HP: 8/27 MP: 1/1
   396 | D:1      | Found a faded altar of an unknown god.
   857 | D:1      | Reached XP level 3. HP: 33/33 MP: 2/2
   937 | D:1      | Reached ** piety under Trog
  1135 | D:2      | Found a white marble altar of Elyvilon.
  2021 | D:3      | Found Porasot's Antique Armour Boutique.
  2044 | D:3      | Reached XP level 4. HP: 39/41 MP: 3/3
  2253 | D:3      | Reached skill level 5 in Maces & Flails
  2434 | D:3      | Reached *** piety under Trog
  2772 | D:4      | Noticed an ogre
  2778 | D:4      | Killed an ogre
  2779 | D:4      | Reached skill level 5 in Fighting
  2779 | D:4      | Reached XP level 5. HP: 48/48 MP: 4/4
  2845 | D:4      | Reached skill level 6 in Maces & Flails
  2851 | D:4      | Reached XP level 6. HP: 32/56 MP: 5/5
  3014 | D:4      | Found a hazy altar of Hepliaklqana.
  3015 | D:4      | Found a broken altar of Ashenzari.
  3016 | D:4      | Found a bloodstained altar of Trog.
  3295 | D:4      | Found a stormy altar of Qazlal.
  3297 | D:4      | Found an opulent altar of Gozag.
  3299 | D:4      | Found an ancient bone altar of Kikubaaqudgha.
  3303 | D:4      | Found a sparkling altar of Nemelex Xobeh.
  3354 | D:4      | Found an ornate altar of the Wu Jian Council.
  3648 | D:5      | Entered Level 5 of the Dungeon
  3920 | D:5      | Reached skill level 7 in Maces & Flails
  4078 | D:5      | Reached XP level 7. HP: 63/63 MP: 6/6
  4081 | D:5      | Found Vorinufo's Antique Armour Boutique.
  4089 | D:5      | Reached skill level 5 in Armour
  4630 | D:5      | Reached skill level 8 in Maces & Flails
  4644 | D:5      | Reached **** piety under Trog
  4645 | D:5      | Reached XP level 8. HP: 41/71 MP: 7/7
  5348 | D:6      | Reached skill level 9 in Maces & Flails
  5561 | D:6      | Reached skill level 10 in Maces & Flails
  5841 | D:6      | Reached XP level 9. HP: 69/80 MP: 8/8
  6150 | D:6      | Noticed Maggie
  6168 | D:6      | Killed Maggie
  6169 | D:6      | Reached skill level 11 in Maces & Flails
  6449 | D:6      | Noticed Eustachio
  6462 | D:6      | Killed Eustachio
  6687 | D:3      | Bought a scorched scale mail for 234 gold pieces
  6687 | D:3      | Identified the +6 scale mail of the Unstoppable Souls
                  | {rC++} (You bought it in a shop on level 3 of the Dungeon)
  6960 | D:7      | Found a staircase to the Ecumenical Temple.
  7197 | D:8      | Noticed a green ugly thing
  7206 | D:8      | Killed a green ugly thing
  7207 | D:8      | Reached skill level 12 in Maces & Flails
  7333 | D:8      | Reached ***** piety under Trog
  7336 | D:8      | Reached XP level 10. HP: 90/90 MP: 9/9
  7572 | D:8      | Noticed a centaur warrior
  7595 | D:8      | Killed a centaur warrior
  7738 | D:8      | Reached skill level 10 in Fighting
  7814 | D:8      | Reached skill level 13 in Maces & Flails
  8292 | D:9      | Paralysed by a hornet for 2 turns
  8297 | D:9      | Reached skill level 10 in Armour
  8537 | D:9      | Reached skill level 14 in Maces & Flails
  8548 | D:9      | Noticed a two-headed ogre
  8608 | D:9      | Killed a two-headed ogre
  8609 | D:9      | Reached XP level 11. HP: 101/101 MP: 10/10
  8789 | D:10     | Entered Level 10 of the Dungeon
  8806 | D:10     | Found a white marble altar of Elyvilon.
  8955 | D:10     | Received a gift from Trog
  9035 | D:10     | Found a staircase to the Orcish Mines.
  9241 | D:10     | Noticed a two-headed ogre
  9250 | D:10     | Killed a two-headed ogre
  9960 | D:11     | Noticed a boulder beetle
  9981 | D:11     | Killed a boulder beetle
  9982 | D:11     | Reached skill level 15 in Maces & Flails
 10221 | D:11     | Found a staircase to the Lair.
 10260 | D:11     | Noticed Urug
 10270 | D:11     | Killed Urug
 10509 | D:12     | Noticed Maurice
 10517 | D:12     | Killed Maurice
 10631 | D:12     | Noticed Fannar
 10642 | D:12     | Killed Fannar
 10765 | D:12     | Noticed a boulder beetle
 10777 | D:12     | Killed a boulder beetle
 10839 | D:12     | Reached XP level 12. HP: 93/112 MP: 11/11
 10871 | D:12     | Noticed a boulder beetle
 11099 | D:12     | Noticed a two-headed ogre
 11108 | D:12     | Killed a two-headed ogre
 11109 | D:12     | Reached skill level 16 in Maces & Flails
 11325 | D:12     | Killed a boulder beetle
 11554 | Lair:1   | Entered Level 1 of the Lair of Beasts
 11554 | Lair:1   | Noticed Gastronok
 11562 | Lair:1   | Killed Gastronok
 11739 | Lair:1   | Found a transporter.
 11740 | Lair:1   | Noticed a seven-headed hydra
 11740 | Lair:1   | Noticed Gnirx's ghost (journeyman GrEE)
 11749 | Lair:1   | Found a transporter.
 11752 | Lair:1   | Noticed a five-headed hydra
 12534 | Lair:2   | Reached skill level 17 in Maces & Flails
 12609 | Lair:2   | Received a gift from Trog
 13111 | Lair:3   | Noticed a death yak
 13111 | Lair:3   | Noticed a death yak
 13112 | Lair:3   | Noticed a death yak
 13120 | Lair:3   | Killed a death yak
 13126 | Lair:3   | Killed a death yak
 13130 | Lair:3   | Killed a death yak
 13135 | Lair:3   | Found a staircase to the Snake Pit.
 13237 | Lair:3   | Reached XP level 13. HP: 116/122 MP: 12/12
 13311 | Lair:3   | Found a staircase to the Shoals.
 13384 | Lair:3   | Noticed Rupert
 13395 | Lair:3   | Killed Rupert
 13396 | Lair:3   | Reached skill level 18 in Maces & Flails
 13590 | Lair:3   | Found a dark tunnel.
 13624 | Volcano  | Entered a volcano
 15258 | Lair:5   | Reached ****** piety under Trog
 15262 | Lair:5   | Reached skill level 19 in Maces & Flails
 15698 | Lair:5   | Noticed Nessos
 15711 | Lair:5   | Killed Nessos
 15712 | Lair:5   | Reached XP level 14. HP: 89/133 MP: 13/13
 16174 | Lair:6   | Entered Level 6 of the Lair of Beasts
 16404 | Lair:6   | Found a viscous altar of Jiyva.
 16406 | Lair:6   | Found a staircase to the Slime Pits.
 16549 | Lair:6   | Received a gift from Trog
 16828 | Lair:6   | Found the +4 dagger "Morg" {pain, Will+ Int+5}
 16893 | Lair:6   | Reached skill level 15 in Fighting
 17207 | Lair:6   | Reached skill level 20 in Maces & Flails
 17235 | Lair:6   | Reached skill level 15 in Armour
 18580 | D:14     | Found a gate to the Vaults.
 18907 | D:14     | You fall into a shaft and drop 1 floor!
 18907 | D:15     | Entered Level 15 of the Dungeon
 18928 | D:15     | Found a glowing golden altar of the Shining One.
 19000 | D:15     | Reached skill level 1 in Shields
 19009 | D:15     | Found Tos Ylen's Distillery.
 19029 | D:15     | Reached XP level 15. HP: 143/143 MP: 14/14
 19072 | D:15     | Bought a potion of heal wounds for 75 gold pieces
 19072 | D:15     | Bought a potion of might for 60 gold pieces
 19072 | D:15     | Bought a potion of curing for 45 gold pieces
 19072 | D:15     | Bought a potion of heal wounds for 75 gold pieces
 19133 | D:15     | Found Kuwkefia's Assorted Antiques.
 19144 | D:15     | Bought a scroll labelled BYNETO AWNE for 36 gold pieces
 19144 | D:15     | Bought a scroll labelled NOVVIU GIYXER for 36 gold pieces
 19164 | D:15     | Identified a scroll of acquirement
 19164 | D:15     | Acquired the +4 eveningstar of Pain and Death {freeze,
                  | Str+4}
 19616 | D:15     | Reached skill level 21 in Maces & Flails
 19684 | D:15     | Found Vionnel's General Store.
 19690 | D:15     | Bought a potion of heal wounds for 55 gold pieces
 19690 | D:15     | Bought a potion of might for 44 gold pieces
 19762 | D:15     | Found a staircase to the Depths.
 19866 | D:15     | Found Myg Qegeonn's General Store.
 20085 | D:14     | Found a blossoming altar of Fedhas.
 20309 | D:14     | Received a gift from Trog
 20614 | Orc:1    | Entered Level 1 of the Orcish Mines
 20867 | Orc:2    | Entered Level 2 of the Orcish Mines
 20867 | Orc:2    | Noticed Donald
 20871 | Orc:2    | Reached skill level 5 in Shields
 20879 | Orc:2    | Killed Donald
 21218 | Orc:2    | Paralysed by something for 4 turns
 21345 | Orc:2    | Found a staircase to the Elven Halls.
 21396 | Orc:2    | Found Oza Ixa's Jewellery Shoppe.
 21396 | Orc:2    | Found Kibboit's Book Boutique.
 21397 | Orc:2    | Found Acsiphud's Distillery.
 21397 | Orc:2    | Found Qizasu's Antique Armour Shoppe.
 21406 | Orc:2    | Bought a pair of boots for 144 gold pieces
 21412 | Orc:2    | Bought a potion of resistance for 170 gold pieces
 21412 | Orc:2    | Bought a potion of curing for 51 gold pieces
 21412 | Orc:2    | Bought a potion of curing for 51 gold pieces
 21412 | Orc:2    | Bought 2 potions of haste for 340 gold pieces
 21412 | Orc:2    | Bought a potion of might for 68 gold pieces
 21412 | Orc:2    | Bought a potion of mutation for 136 gold pieces
 21479 | Orc:2    | Received a gift from Trog
 21930 | Orc:1    | Found Xiaxt's Specific Store.
 21947 | Orc:1    | Found Farefok's General Store.
 21951 | Orc:1    | Bought a scroll of acquirement for 624 gold pieces
 22298 | Orc:1    | Acquired 1239 gold pieces
 22481 | Shoals:1 | Entered Level 1 of the Shoals
 22513 | Shoals:1 | HP: 2/145 [snapping turtle (13)]
 22660 | Shoals:1 | Noticed Frances
 22671 | Shoals:1 | Killed Frances
 22776 | Shoals:1 | Reached XP level 16. HP: 148/152 MP: 15/15
 22828 | Shoals:1 | Reached skill level 22 in Maces & Flails
 23013 | Shoals:1 | Noticed a kraken
 23067 | Shoals:1 | Killed a kraken
 23406 | Shoals:1 | Reached skill level 10 in Shields
 23802 | Shoals:2 | Noticed Polyphemus
 23826 | Shoals:2 | Killed Polyphemus
 23831 | Shoals:2 | Received a gift from Trog
 24038 | Shoals:2 | Noticed Kirke
 24143 | Shoals:2 | Slain by a lindwurm

Illustrated notes

Levels and vault maps discovered:
D:1:      dpeg_arrival_pond, layout_basic, ebering_ecumenical_altar_abandoned
D:2:      layout_loops_ring, basic_altar, minmay_strange_pillars,
          grunt_decor_cap
D:3:      layout_basic, serial_shops, nicolae_shop_overgrown_old_shop
D:4:      layout_basic, old_standard_altar, grunt_temple_overflow_open
D:5:      layout_loops_ring, serial_shops, nicolae_shop_trees,
          lightli_sewer_entry_pipes
D:6:      layout_loops_cross, uniq_eustachio, uniq_maggie
D:7:      layout_rooms, minmay_temple_entry_tees
D:8:      minmay_chambers_of_fours, layout_basic
D:9:      layout_long_grid
D:10:     layout_loops_ring, nicolae_overflow_crystal_walls, david_orc_4
D:11:     layout_loops_ring, grunt_lair_entry_orc_guard_hut, uniq_urug
D:12:     layout_loops_ring, chequers_serial_rivers_large_b, uniq_fannar,
          uniq_maurice
D:13:     layout_roguey, lemuel_old_faithful
D:14:     layout_big_octagon, erik_vaults_2, fedhas_altar_2
D:15:     grunt_enter_depths_hoard, layout_irregular_city, serial_shops, shop,
          nicolae_shop_stone, shop, shop, tso_metal_star, serial_bayou_pond_d
Lair:1:   layout_gridlike, nzn_ghost_randoct, infiniplex_staircase_pool_2,
          minmay_lair_oklob_chamber, uniq_gastronok
Lair:2:   layout_roguey, beast_lair_carwin_10
Lair:3:   layout_regular_city, minmay_shoals_entry_beasts,
          minmay_snake_entry_guardpost_small, nicolae_volcano_entry_lava_flow,
          chequers_serial_rivers_marsh, chequers_serial_rivers_micro_c,
          uniq_rupert
Lair:4:   layout_gridlike, serial_forest, infiniplex_forest_lined_room_3,
          infiniplex_forest_lined_room_3, infiniplex_forest_straight_4,
          infiniplex_forest_straight_5, infiniplex_forest_lined_corner,
          infiniplex_forest_end_3, infiniplex_forest_clump_tiny
Lair:5:   layout_regular_city, minmay_lair_drake_nest, uniq_nessos
Lair:6:   due_jungle_book, layout_cave_pods, slime_altar_1
Shoals:1: layout_shoals, nicolae_shoals_nymph_descending_staircase, uniq_frances
Shoals:2: layout_shoals, nicolae_shoals_stone_sculpture_thing, uniq_polyphemus,
          uniq_kirke
Orc:1:    layout_caves, enter_bailey_8, nicolae_orc_stony_grotto,
          nicolae_specific_store
Orc:2:    st_orc_ogre_mass, layout_caves, uniq_donald

Skill      XL: |  1  2  3  4  5  6  7  8  9 10 11 12 13 14 15 16 |
---------------+-------------------------------------------------+-----
Maces & Flails | 4 5 6 7 8 10 12 14 15 17 19 20 21 22 | 22.5
Fighting       | 4 5 6 8 9 10 12 13 14 15 16 17 | 17.1
Armour         | 3 4 5 7 8 10 11 13 14 15 | 15.4
Shields        | 1 8 10 | 10.8
Dodging        | |  2.4
Stealth        | |  0.1

Action                   |  1- 3 |  4- 6 |  7- 9 | 10-12 | 13-15 | 16-18 || total
-------------------------+-------+-------+-------+-------+-------+-------++-------
Melee: Mace              |    90 |   116 |       |       |       |       ||   206
       Headbutt          |    14 |    27 |    48 |   140 |   240 |    62 ||   531
       Flail             |       |    38 |   282 |   550 |   639 |       ||  1509
       Eveningstar       |       |       |       |       |   349 |   227 ||   576
       Unarmed           |       |       |       |       |       |     4 ||     4
Invok: Berserk           |       |     3 |     6 |    14 |    28 |     2 ||    53
  Use: Scroll            |     4 |     2 |     1 |     4 |    20 |     4 ||    35
       Potion            |       |       |       |       |     5 |       ||     5
 Stab: Sleeping          |     1 |       |       |       |       |       ||     1
       Distracted        |       |       |       |     3 |     8 |       ||    11
Armor: Animal skin       |    15 |       |       |       |       |       ||    15
       Plate armour      |     3 |   112 |   123 |       |       |       ||   238
       Scale mail        |       |       |    26 |   261 |   418 |       ||   705
       Crystal plate arm |       |       |       |       |   297 |   185 ||   482
Dodge: Dodged            |    64 |    48 |    82 |   208 |   290 |    38 ||   730
Block: Tower shield      |       |       |       |       |   465 |   238 ||   703
